 Dungeon Crawl Stone Soup version 0.23.2 (webtiles) character file.

Game seed: 14429483613453571165

126 Kairos the Skirmisher (level 5, -2/43 HPs)
             Began as a Formicid Abyssal Knight on Apr 12, 2019.
             Was a Believer of Lugonu.
             Slain by an orc
             ... wielding a +0 club
              (3 damage)
             ... on level 3 of the Dungeon.
             The game lasted 00:03:08 (2619 turns).

Kairos the Skirmisher (Formicid Abyssal Knight)     Turns: 2619, Time: 00:03:08

Health: -2/43      AC: 15    Str: 18    XL:     5   Next: 31%
Magic:  6/6        EV:  7    Int: 13    God:    Lugonu [**....]
Gold:   159        SH:  0    Dex: 10    Spells: 4/4 levels left

rFire    . . .     SeeInvis +   a - +2 spear
rCold    . . .     Gourm    .   (no shield)
rNeg     . . .     Faith    .   f - +1 chain mail
rPois    .         Spirit   .   (helmet unavailable)
rElec    .         Reflect  .   (no cloak)
rCorr    .         Harm     .   (no gloves)
MR       .....                  (no boots)
Stlth    ..........             (no amulet)
HPRegen  0.14/turn              h - +5 ring of protection
MPRegen  0.10/turn              (no ring)

@: no status effects
A: permanent stasis, dig shafts and tunnels, four strong arms, antennae 3, claws
1, clever 1
a: Dig, Shaft Self, Depart the Abyss, Bend Space, Renounce Religion


You were on level 3 of the Dungeon.
You worshipped Lugonu.
Lugonu was pleased with you.
You were very hungry.

You visited 1 branch of the dungeon, and saw 3 of its levels.
You visited the Abyss 1 time.

You collected 159 gold pieces.

Inventory:

Hand Weapons
 a - a +2 spear (weapon)
 g - a +0 trident
Armour
 b - a +0 leather armour
 f - a +1 chain mail (worn)
Jewellery
 h - a +5 ring of protection (left claw)
Potions
 d - a potion of haste {unknown}
 e - a potion of resistance {unknown}
Comestibles
 c - 6 rations


   Skills:
 + Level 4.7 Fighting
 + Level 3.1 Polearms
 + Level 3.3 Armour
 + Level 1.0 Dodging
 + Level 0.6 Stealth
 + Level 2.2 Invocations


You had 4 spell levels left.
You didn't know any spells.
Your spell library was empty.

Dungeon Overview and Level Annotations

Branches:
Dungeon (3/15)

Altars:


Innate Abilities, Weirdness & Mutations

You cannot be hasted, slowed, berserked, paralysed or teleported.
You can dig through walls and to a lower floor.
Your four strong arms can wield two-handed weapons with a shield.
You have a pair of large antennae on your head. (SInv)
You have sharp fingernails.
Your mind is acute. (Int +2)


Message History

You dig through the rock wall.
You are feeling very hungry.
You dig through the rock wall.
You dig through the rock wall.
You dig through the rock wall.
You dig through the rock wall.
You dig through the rock wall.
You retract your mandibles.
You puncture the orc!
You kill the orc!
Lugonu accepts your kill. The orc hits you but does no damage.
You see here a cursed -1 mace.
You hit the orc.
The orc is heavily wounded.
The orc hits you with a +0 club.
* * * LOW HITPOINT WARNING * * *
You hit the orc but do no damage.
The orc is heavily wounded.
The orc hits you with a +0 club.
You die...

#.oo.# #######..
#.#.## ########..
#).#.# ..........
#.#.#############..
#.................#
#####.###########..
####.## ### #.###{#
##@#{## ##o## ###


You could see an orc.

Vanquished Creatures
  An orc priest (D:3)
  A gnoll (D:1)
  2 adders (D:2)
  An ooze (D:2)
  2 worms (D:2)
  3 dart slugs
  A leopard gecko (D:1)
  An orc (D:3)
  3 giant cockroaches
  4 goblins (D:1)
  6 hobgoblins
  3 jackals (D:2)
  9 bats
  3 frilled lizards
  9 kobolds
  4 rats
53 creatures vanquished.

Vanquished Creatures (others)
  4 starspawn tentacles (Abyss:1)
4 creatures vanquished.

Grand Total: 57 creatures vanquished

Notes
Turn   | Place    | Note
-------+----------+-------------------------------------------
     0 | Abyss:1  | Kairos the Formicid Abyssal Knight began the quest for the
                  | Orb.
     0 | Abyss:1  | Reached XP level 1. HP: 18/18 MP: 2/2
    33 | Abyss:1  | Noticed a tentacled starspawn
    38 | Abyss:1  | Noticed a shadow wraith
    49 | Abyss:1  | Noticed a raiju
    57 | Abyss:1  | Noticed a starcursed mass
    76 | Abyss:1  | Noticed an efreet
    91 | Abyss:1  | Noticed a large abomination
    93 | Abyss:1  | Noticed a water elemental
   101 | D:1      | Escaped the Abyss
   104 | D:1      | Gained mutation: Your mind is acute. (Int +2) [potion of
                  | mutation]
   104 | D:1      | Gained mutation: You have sharp fingernails. [potion of
                  | mutation]
   335 | D:1      | Reached XP level 2. HP: 18/25 MP: 3/3
   341 | D:1      | Reached * piety under Lugonu
   423 | D:1      | HP: 1/25 [gnoll (6)]
   424 | D:1      | Reached skill level 4 in Fighting
   424 | D:1      | Reached XP level 3. HP: 2/30 MP: 4/4
  1668 | D:2      | Reached skill level 1 in Dodging
  1668 | D:2      | Reached XP level 4. HP: 38/38 MP: 5/5
  1831 | D:2      | Reached ** piety under Lugonu
  2593 | D:3      | Reached XP level 5. HP: 31/43 MP: 6/6
  2606 | D:3      | HP: 2/43 [orc/+0 trident (1)]
  2618 | D:3      | HP: 1/43 [orc/+0 club (2)]
  2619 | D:3      | Slain by an orc

Skill      XL: |  1  2  3  4 |
---------------+-------------+-----
Fighting       | 4 |  4.7
Dodging        | 1 |  1.0
Armour         | 3 |  3.3
Polearms       | 3 |  3.1
Stealth        | |  0.6
Invocations    | |  2.2

Action                   |  1- 3 |  4- 6 || total
-------------------------+-------+-------++-------
Melee: Spear             |   102 |    85 ||   187
Invok: Depart the Abyss  |     1 |       ||     1
 Abil: Dig               |     4 |     3 ||     7
  Use: Scroll            |     4 |     1 ||     5
       Potion            |     1 |       ||     1
  Eat: Chunk             |     2 |     3 ||     5
Armor: Leather armour    |    11 |       ||    11
       Chain mail        |    30 |    40 ||    70
Dodge: Dodged            |    49 |    20 ||    69
